BLB
DENVER BULLS @ CALIFORNIA KODIAKS
07/01/2059
 
TOP OF THE 1ST
Denver Bulls batting - Pitching for California Kodiaks : RHP Theodore Blume
Pitching: RHP Theodore Blume
Batting: RHB Dalton Brown 0-0: Ground out 6-3 (Groundball, P, EV 85.0 MPH)
Batting: LHB Johnathan Wang 0-0: Foul Ball, location: 2F
0-1: Ball
1-1: Ground out U3 (Groundball, 3S, EV 70.6 MPH)
Batting: LHB Sean Gallina 0-0: Ball
1-0: Foul Ball, location: 2F
1-1: Foul Ball, location: 2F
1-2: Foul Ball, location: 2F
1-2: Strikes out swinging
Top of the 1st over - 0 runs, 0 hits, 0 errors, 0 left on base; Denver 0 - California 0
BOTTOM OF THE 1ST
California Kodiaks batting - Pitching for Denver Bulls : RHP Levi Brown
Pitching: RHP Levi Brown
Batting: LHB Stephen Caskey 0-0: Ball
1-0: Swinging Strike
1-1: DOUBLE (Groundball, 3L, EV 101.2 MPH)
Batting: RHB Mitt Saginashvili 0-0: Called Strike
0-1: Foul Ball, location: 2F
0-2: Ball
1-2: Ball
2-2: Fly out, F8 (Flyball, 8RM, EV 81.9 MPH)
Batting: RHB Stan Sikes 0-0: Called Strike
Stephen Caskey steals 3rd base
0-1: Swinging Strike
0-2: Ball
1-2: Strikes out swinging
Batting: RHB Spencer Stephens 0-0: Ball
1-0: Ball
2-0: Called Strike
2-1: Foul Ball, location: 2F
2-2: Fly out, F9 (Flyball, 89M, EV 98.8 MPH)
Bottom of the 1st over - 0 runs, 1 hit, 0 errors, 1 left on base; Denver 0 - California 0
TOP OF THE 2ND
Denver Bulls batting - Pitching for California Kodiaks : RHP Theodore Blume
Batting: LHB Michael Hughes 0-0: Swinging Strike
0-1: Ball
1-1: Foul Ball, location: 2F
1-2: Ball
2-2: Ground out 3-1 (Groundball, 34, EV 86.9 MPH)
Batting: RHB James Wilson 0-0: Ground out 1-3 (Groundball, 13, EV 63.8 MPH)
Batting: SHB T.J. Carter 0-0: Foul Ball, location: 2F
0-1: Swinging Strike
0-2: Strikes out swinging
Top of the 2nd over - 0 runs, 0 hits, 0 errors, 0 left on base; Denver 0 - California 0
BOTTOM OF THE 2ND
California Kodiaks batting - Pitching for Denver Bulls : RHP Levi Brown
Batting: RHB Hayden Cornett 0-0: Called Strike
0-1: Ball
1-1: Ball
2-1: DOUBLE (Flyball, 89D, EV 100.6 MPH)
Batting: LHB Joey Robertson 0-0: Ball
1-0: Ball
2-0: Ball
3-0: Called Strike
3-1: Fly out, F3 (Line Drive, 34, EV 71.2 MPH)
Batting: RHB C.J. Spicer 0-0: Called Strike
0-1: Ground out 5-3 (Groundball, 56, EV 94.4 MPH)
Batting: LHB Sean Catron 0-0: Ball
1-0: DOUBLE (Line Drive, 9LM, EV 100.0 MPH)
Hayden Cornett scores
Batting: RHB Caron Wilson 0-0: Ball
1-0: Ball
2-0: Swinging Strike
2-1: Ball
3-1: Ground out 5-3 (Groundball, 56S, EV 87.5 MPH)
Bottom of the 2nd over - 1 run, 2 hits, 0 errors, 1 left on base; Denver 0 - California 1
TOP OF THE 3RD
Denver Bulls batting - Pitching for California Kodiaks : RHP Theodore Blume
Batting: LHB Wil Murillo 0-0: Ball
1-0: Called Strike
1-1: Foul Ball, location: 2F
1-2: Strikes out swinging
Batting: RHB Bert Thoma 0-0: Foul Ball, location: 2F
0-1: Ball
1-1: SINGLE (Line Drive, 56D, EV 97.5 MPH)
Batting: RHB Liam Gill 0-0: Ball
1-0: Called Strike
1-1: Called Strike
1-2: Strikes out swinging
Batting: RHB Dalton Brown 0-0: Foul Ball, location: 2F
0-1: Ball
1-1: Ground out U3 (Groundball, 23, EV 88.1 MPH)
Top of the 3rd over - 0 runs, 1 hit, 0 errors, 1 left on base; Denver 0 - California 1
BOTTOM OF THE 3RD
California Kodiaks batting - Pitching for Denver Bulls : RHP Levi Brown
Batting: LHB Stephen Caskey 0-0: Ball
1-0: Ball
2-0: Called Strike
2-1: Ground out 4-3 (Groundball, 4, EV 105.6 MPH)
Batting: RHB Mitt Saginashvili 0-0: Foul Ball, location: 2F
0-1: Called Strike
0-2: Ball
1-2: Strikes out swinging
Batting: RHB Stan Sikes 0-0: SOLO HOME RUN (Flyball, 7LD, EV 99.4 MPH), Distance : 383 ft
Batting: RHB Spencer Stephens 0-0: Ball
1-0: SINGLE (Line Drive, 5D, EV 103.8 MPH)
Batting: RHB Hayden Cornett 0-0: Ball
1-0: Ball
2-0: Ball
3-0: Called Strike
3-1: Ground out U3 (Groundball, 3L, EV 81.2 MPH)
Bottom of the 3rd over - 1 run, 2 hits, 0 errors, 1 left on base; Denver 0 - California 2
TOP OF THE 4TH
Denver Bulls batting - Pitching for California Kodiaks : RHP Theodore Blume
Batting: LHB Johnathan Wang 0-0: Called Strike
0-1: DOUBLE (Line Drive, 7LM, EV 99.4 MPH)
Batting: LHB Sean Gallina 0-0: Ball
1-0: SINGLE (Line Drive, 8RS, EV 110.0 MPH)
Johnathan Wang to third
Runner from 3rd tries for Home, SAFE, throw by CF to home
Sean Gallina to second
Batting: LHB Michael Hughes 0-0: DOUBLE (Line Drive, 5D, EV 97.5 MPH)
Sean Gallina scores
Batting: RHB James Wilson 0-0: Ball
1-0: Ground out 4-3 (Groundball, 34, EV 82.5 MPH)
Michael Hughes to third
Batting: SHB T.J. Carter 0-0: Ground out U3 (Groundball, 3, EV 83.1 MPH)
Batting: LHB Wil Murillo 0-0: Ball
1-0: SINGLE (Groundball, 34S, EV 65.0 MPH) (infield hit)
Michael Hughes scores
Batting: RHB Bert Thoma 0-0: Ball
Wil Murillo is caught stealing 2nd base 2-4
Top of the 4th over - 3 runs, 4 hits, 0 errors, 0 left on base; Denver 3 - California 2
BOTTOM OF THE 4TH
California Kodiaks batting - Pitching for Denver Bulls : RHP Levi Brown
Batting: LHB Joey Robertson 0-0: Ball
1-0: Ball
2-0: Called Strike
2-1: Swinging Strike
2-2: Foul Ball, location: 2F
2-2: Foul Ball, location: 2F
2-2: Foul Ball, location: 2F
2-2: Foul Ball, location: 2F
2-2: Ground out 4-3 (Groundball, 34, EV 86.2 MPH)
Batting: RHB C.J. Spicer 0-0: Ground out 6-3 (Groundball, 6S, EV 84.4 MPH)
Batting: LHB Sean Catron 0-0: Ball
1-0: Ball
2-0: Ground out U3 (Groundball, 3S, EV 77.5 MPH)
Bottom of the 4th over - 0 runs, 0 hits, 0 errors, 0 left on base; Denver 3 - California 2
TOP OF THE 5TH
Denver Bulls batting - Pitching for California Kodiaks : RHP Theodore Blume
Batting: RHB Bert Thoma 0-0: Swinging Strike
0-1: Called Strike
0-2: SINGLE (Flyball, 4D, EV 85.0 MPH)
Batting: RHB Liam Gill 0-0: SINGLE (Groundball, 56, EV 98.1 MPH)
Bert Thoma to second
Batting: RHB Dalton Brown 0-0: Swinging Strike
0-1: Ball
1-1: Reached on error, E3 (Groundball, 23, EV 43.8 MPH)
Bert Thoma to third
Liam Gill to second
Batting: LHB Johnathan Wang 0-0: Swinging Strike
0-1: Ball
1-1: Ball
2-1: Foul Ball, location: 2F
2-2: Ball
3-2: Fly out, F8 (Flyball, 8RXD, EV 95.6 MPH)
Runner from 3rd tags up, SCORES, no throw by CF
Liam Gill to third
Batting: LHB Sean Gallina 0-0: Swinging Strike
0-1: Ball
1-1: Ball
2-1: Ball
3-1: Base on Balls
Dalton Brown to second
Batting: LHB Michael Hughes 0-0: Ball
1-0: Called Strike
1-1: Ball
2-1: Swinging Strike
2-2: Ball
3-2: Base on Balls
Liam Gill scores
Dalton Brown to third
Sean Gallina to second
Batting: RHB James Wilson 0-0: Grounds into fielders choice 1-2 (Groundball, 13S, EV 67.5 MPH)
Sean Gallina to third
Michael Hughes to second
Batting: SHB T.J. Carter 0-0: Ball
1-0: Foul Ball, location: 2F
1-1: Ground out 6-3 (Groundball, 6MS, EV 83.1 MPH)
Top of the 5th over - 2 runs, 2 hits, 1 error, 3 left on base; Denver 5 - California 2
BOTTOM OF THE 5TH
California Kodiaks batting - Pitching for Denver Bulls : RHP Levi Brown
Batting: RHB Caron Wilson 0-0: Ball
1-0: Foul Ball, location: 2F
1-1: Ball
2-1: Ground out 6-3 (Groundball, 56, EV 111.2 MPH)
Batting: LHB Stephen Caskey 0-0: Called Strike
0-1: Ball
1-1: Ball
2-1: Swinging Strike
2-2: Foul Ball, location: 2F
2-2: Strikes out swinging
Batting: RHB Mitt Saginashvili 0-0: Ground out 6-3 (Groundball, 6, EV 90.6 MPH)
Bottom of the 5th over - 0 runs, 0 hits, 0 errors, 0 left on base; Denver 5 - California 2
TOP OF THE 6TH
Denver Bulls batting - Pitching for California Kodiaks : RHP Theodore Blume
Batting: LHB Wil Murillo 0-0: Ball
1-0: Foul Ball, location: 2F
1-1: Ground out 6-3 (Groundball, 6, EV 93.1 MPH)
Batting: RHB Bert Thoma 0-0: Ball
1-0: Ground out U3 (Groundball, 3L, EV 85.0 MPH)
Batting: RHB Liam Gill 0-0: Called Strike
0-1: DOUBLE (Line Drive, 3D, EV 103.8 MPH)
Batting: RHB Dalton Brown 0-0: Ball
1-0: Ball
2-0: Foul Ball, location: 2F
2-1: Called Strike
2-2: SINGLE (Groundball, 56S, EV 61.9 MPH) (infield hit)
Liam Gill to third
Batting: LHB Johnathan Wang 0-0: Ball
1-0: Ball
2-0: Foul Ball, location: 2F
2-1: Swinging Strike
2-2: Strikes out looking
Top of the 6th over - 0 runs, 2 hits, 0 errors, 2 left on base; Denver 5 - California 2
BOTTOM OF THE 6TH
California Kodiaks batting - Pitching for Denver Bulls : RHP Levi Brown
Batting: RHB Stan Sikes 0-0: Ball
1-0: Foul Ball, location: 2F
1-1: Called Strike
1-2: Ball
2-2: Ball
3-2: DOUBLE (Flyball, 8RXD, EV 111.2 MPH)
Batting: RHB Spencer Stephens 0-0: Called Strike
0-1: Ball
1-1: Ball
2-1: Ball
3-1: Called Strike
3-2: Strikes out swinging
Batting: RHB Hayden Cornett 0-0: Called Strike
0-1: DOUBLE (Line Drive, 9LM, EV 101.2 MPH)
Stan Sikes scores
Batting: LHB Joey Robertson 0-0: Ball
1-0: Called Strike
1-1: Ball
2-1: Swinging Strike
2-2: Foul Ball, location: 2F
2-2: Foul Ball, location: 2F
2-2: Ball
3-2: Base on Balls
Batting: RHB C.J. Spicer 0-0: Called Strike
0-1: Ball
1-1: Ball
2-1: Foul Ball, location: 2F
2-2: Strikes out swinging
Batting: LHB Sean Catron 0-0: Ball
1-0: Called Strike
1-1: Ground out 4-3 (Groundball, 4, EV 82.5 MPH)
Bottom of the 6th over - 1 run, 2 hits, 0 errors, 2 left on base; Denver 5 - California 3
TOP OF THE 7TH
Denver Bulls batting - Pitching for California Kodiaks : RHP Theodore Blume
Batting: LHB Sean Gallina 0-0: Ball
1-0: Ball
2-0: Ground out 6-3 (Groundball, 56, EV 90.0 MPH)
Batting: LHB Michael Hughes 0-0: Swinging Strike
0-1: Foul Ball, location: 2F
0-2: Ball
1-2: Ball
2-2: Strikes out swinging
Batting: RHB James Wilson 0-0: Ball
1-0: Called Strike
1-1: Fly out, F9 (Flyball, 89S, EV 91.2 MPH)
Top of the 7th over - 0 runs, 0 hits, 0 errors, 0 left on base; Denver 5 - California 3
BOTTOM OF THE 7TH
California Kodiaks batting - Pitching for Denver Bulls : RHP Levi Brown
Batting: RHB Caron Wilson 0-0: Called Strike
0-1: Ball
1-1: Fly out, F4 (Popup, 4S, EV 71.9 MPH)
Pitching: LHP Duncan Mulifi
Batting: LHB Stephen Caskey 0-0: Called Strike
0-1: Ball
1-1: Foul Ball, location: 2F
1-2: Strikes out looking
Batting: RHB Mitt Saginashvili 0-0: Foul Ball, location: 2F
0-1: Called Strike
0-2: Ball
1-2: Ball
2-2: Ground out 6-3 (Groundball, 56, EV 105.6 MPH)
Bottom of the 7th over - 0 runs, 0 hits, 0 errors, 0 left on base; Denver 5 - California 3
TOP OF THE 8TH
Denver Bulls batting - Pitching for California Kodiaks : RHP Theodore Blume
Pitching: RHP Jonathon Berman
Batting: SHB T.J. Carter 0-0: Ball
1-0: Ball
2-0: Called Strike
2-1: Ball
3-1: Base on Balls
Batting: LHB Wil Murillo 0-0: Ball
1-0: SINGLE (Groundball, 4MD, EV 94.4 MPH)
T.J. Carter to second
Runner from 2nd tries for 3rd, SAFE, throw by CF made to third
Batting: RHB Bert Thoma 0-0: Ball
1-0: Swinging Strike
1-1: Grounds into double play, 5-4-3 (Groundball, 56, EV 103.8 MPH)
T.J. Carter scores
Batting: RHB Liam Gill 0-0: Ball
1-0: Ball
2-0: Foul Ball, location: 2F
2-1: Swinging Strike
2-2: Strikes out swinging
Top of the 8th over - 1 run, 1 hit, 0 errors, 0 left on base; Denver 6 - California 3
BOTTOM OF THE 8TH
California Kodiaks batting - Pitching for Denver Bulls : LHP Duncan Mulifi
Batting: RHB Stan Sikes 0-0: Ball
1-0: SINGLE (Groundball, 6M, EV 105.0 MPH) (infield hit)
Batting: RHB Spencer Stephens 0-0: Called Strike
0-1: Swinging Strike
0-2: Foul Ball, location: 2F
0-2: Strikes out swinging
Batting: RHB Hayden Cornett 0-0: Ball
1-0: Called Strike
1-1: Called Strike
1-2: Strikes out swinging
Pinch Hitting: RHB Damon Squyres 0-0: Called Strike
0-1: Called Strike
0-2: Ball
1-2: Strikes out looking
Bottom of the 8th over - 0 runs, 1 hit, 0 errors, 1 left on base; Denver 6 - California 3
TOP OF THE 9TH
Denver Bulls batting - Pitching for California Kodiaks : RHP Jonathon Berman
Now at 1B: Damon Squyres
Now in LF: Stephen Caskey
Batting: RHB Dalton Brown 0-0: DOUBLE (Groundball, 5L, EV 108.1 MPH)
Batting: LHB Johnathan Wang 0-0: Ball
1-0: Fly out, F7 (Line Drive, 7S, EV 95.0 MPH)
Batting: LHB Sean Gallina 0-0: Called Strike
0-1: Called Strike
0-2: Strikes out swinging
Batting: LHB Michael Hughes 0-0: Ball
1-0: Swinging Strike
1-1: Called Strike
1-2: Foul Ball, location: 2F
1-2: Strikes out swinging
Top of the 9th over - 0 runs, 1 hit, 0 errors, 1 left on base; Denver 6 - California 3
BOTTOM OF THE 9TH
California Kodiaks batting - Pitching for Denver Bulls : LHP Duncan Mulifi
Batting: RHB C.J. Spicer 0-0: Ball
1-0: Foul Ball, location: 2F
1-1: Ball
2-1: Fly out, F8 (Line Drive, 8LM, EV 91.2 MPH)
Pinch Hitting: RHB Kelvin Young 0-0: Called Strike
0-1: Ball
1-1: Reached on error, E5 (Groundball, 5, EV 103.8 MPH)
Batting: RHB Caron Wilson 0-0: Ball
1-0: Called Strike
1-1: Swinging Strike
1-2: Ball
2-2: Foul Ball, location: 2F
2-2: Strikes out swinging
Batting: LHB Stephen Caskey 0-0: Ball
1-0: Fly out, F9 (Flyball, 9LS, EV 83.8 MPH)
Bottom of the 9th over - 0 runs, 0 hits, 1 error, 1 left on base; Denver 6 - California 3
Monday, March 11th , 2024 - OOTP Baseball 23.10 Build 110